 Dungeon Crawl Stone Soup version 0.27.0-1-g7a08968 (webtiles) character file.

Game seed: 12987198634890799297

87 Orban the Poker (level 4, 0/36 HPs)
             Began as a Demonspawn Berserker on Aug 31, 2022.
             Was a Believer of Trog.
             Killed from afar by Natasha (11 damage)
             ... with a magic dart
             ... on level 2 of the Dungeon.
             The game lasted 00:04:03 (1254 turns).

Orban the Poker (Demonspawn Berserker)              Turns: 1254, Time: 00:04:05

Health: 0/36       AC:  4    Str: 18    XL:     4   Next: 28%
Magic:  4/4        EV: 12    Int:  9    God:    Trog [**....]
Gold:   39         SH:  0    Dex: 12    Spells: 3/3 levels left

rFire    + . .     SeeInvis .   g - +2 dagger (freeze)
rCold    . . .     Faith    .   (no shield)
rNeg     . . .     Spirit   .   b - +0 animal skin
rPois    .         Reflect  .   (no helmet)
rElec    .         Harm     .   (no cloak)
rCorr    .         Rampage  .   (no gloves)
Will     ++...                  (no boots)
Stlth    +.........             (no amulet)
HPRegen  1.12/turn              d - ring of protection from fire
MPRegen  0.18/turn              (no ring)

@: strong-willed (expiring), on berserk cooldown, regenerating (expiring),
slowed, very slow
A: slimy green scales 1, magic regeneration
a: Renounce Religion, Berserk, Trog's Hand


You were on level 2 of the Dungeon.
You worshipped Trog.
Trog was pleased with you.
You visited 1 branch of the dungeon, and saw 2 of its levels.

You collected 39 gold pieces.

Inventory:

Hand Weapons
 a - a +0 spear
 g - a +2 dagger of freezing (weapon)
Armour
 b - a +0 animal skin (worn)
Jewellery
 d - a ring of protection from fire (left hand)
 h - a ring of ice
Potions
 e - a potion of resistance
 i - a potion of curing {unknown}


   Skills:
 + Level 3.6 Fighting
 + Level 3.7 Polearms
 + Level 1.9 Armour
 + Level 2.3 Dodging
 + Level 0.6 Stealth


You had 3 spell levels left.
You didn't know any spells.
Your spell library was empty.

Dungeon Overview and Level Annotations

Branches:
Dungeon (2/15)

Altars:

Annotations:
D:2 Natasha


Innate Abilities, Weirdness & Mutations

You are partially covered in slimy green scales. (AC +2)
You regenerate magic rapidly.


Message History

Natasha stares at you and mumbles some strange words.
The magic dart hits you! Natasha claws you.
You are too injured to fight recklessly!
You are too injured to fight recklessly!
You are too injured to fight recklessly!
You are too injured to fight recklessly!
You are too injured to fight recklessly!
You are too injured to fight recklessly!
You are too injured to fight recklessly!
Your skin crawls.
You feel strong-willed. Natasha claws you. Natasha closely misses you.
You hit Natasha. You freeze Natasha.
Natasha is moderately wounded.
Natasha barely misses you.
You closely miss Natasha.
Natasha is moderately wounded.
Natasha closely misses you.
Natasha mumbles some strange words.
You completely miss Natasha.
Natasha is moderately wounded.
Natasha claws you!
* * * LOW HITPOINT WARNING * * *
The crimson imp blinks!
You barely miss Natasha.
Natasha is moderately wounded.
Natasha claws you but does no damage. Natasha closely misses you.
You hit Natasha. You freeze Natasha.
Natasha is heavily wounded.
Natasha mewls in sadness.
Natasha claws you.
* * * LOW HITPOINT WARNING * * *
You barely miss Natasha.
Natasha is heavily wounded.
You feel the effects of Trog's Hand fading.
Natasha claws you but does no damage.
Natasha stares at you and mumbles some strange words.
The magic dart hits you!
You die...

####...#######.
#..............
###..............
................
#..............
#.##........>.....
..........†.......
......h@..........
.......5...)......
#.#...............
#...............
#...............
#.........#.#.##
#########.#.###
.... #####


You could see Natasha and a crimson imp (summoned).

Vanquished Creatures
  Jessica (D:2)
  Natasha (D:2)
  2 dart slugs
  A bat (D:1)
  3 endoplasms
  A giant cockroach (D:1)
  2 goblins (D:1)
  3 hobgoblins (D:1)
  3 jackals (D:1)
  2 kobolds (D:1)
  A quokka (D:1)
  4 ball pythons (D:1)
  3 frilled lizards
  6 rats
33 creatures vanquished.

Notes
Turn   | Place    | Note
-------+----------+-------------------------------------------
     0 | D:1      | Orban the Demonspawn Berserker began the quest for the Orb.
     0 | D:1      | Reached XP level 1. HP: 18/18 MP: 1/1
   101 | D:1      | Gained mutation: You regenerate magic rapidly. [demonic
                  | ancestry]
   101 | D:1      | Reached XP level 2. HP: 10/24 MP: 2/2
   385 | D:1      | Found a faded altar of an unknown god.
   877 | D:1      | Reached ** piety under Trog
   918 | D:1      | Gained mutation: You are partially covered in slimy green
                  | scales. (AC +2) [demonic ancestry]
   918 | D:1      | Reached XP level 3. HP: 25/29 MP: 3/3
  1225 | D:2      | Noticed Natasha
  1226 | D:2      | Noticed Jessica
  1230 | D:2      | Killed Natasha
  1233 | D:2      | Killed Jessica
  1234 | D:2      | Reached XP level 4. HP: 36/36 MP: 4/4
  1244 | D:2      | Noticed Natasha
  1254 | D:2      | Killed from afar by Natasha

Illustrated notes

Levels and vault maps discovered:
D:1:      psy_arrival_radial01, layout_basic, ebering_ecumenical_altar_webs
D:2:      layout_basic, serial_shops, shop, basic_altar,
          uniq_crazy_yiuf_cottage, uniq_natasha, uniq_sigmund, uniq_jessica

Skill      XL: |  1  2 |
---------------+-------+-----
Polearms       | 3 |  3.7
Dodging        | 2 |  2.3
Fighting       | |  3.6
Armour         | |  1.9
Stealth        | |  0.6

Action                   |  1- 3 |  4- 6 || total
-------------------------+-------+-------++-------
Melee: Spear             |    56 |       ||    56
       Dagger            |    19 |    13 ||    32
Invok: Berserk           |     2 |       ||     2
       Trog's Hand       |       |     1 ||     1
  Use: Scroll            |     2 |       ||     2
 Stab: Sleeping          |     1 |       ||     1
Armor: Animal skin       |     8 |     3 ||    11
Dodge: Dodged            |    32 |     7 ||    39
